 Dungeon Crawl Stone Soup version 0.27-a0-1026-gbab068f60c (webtiles) character file.

Game seed: 1745316892446611340

123 Morbidden the Skirmisher (level 4, 0/38 HPs)
             Began as a Demigod Fighter on Apr 18, 2021.
             Succumbed to an orc's poison
             ... on level 2 of the Dungeon.
             The game lasted 00:02:51 (2916 turns).

Morbidden the Skirmisher (Demigod Fighter)          Turns: 2916, Time: 00:02:52

Health: 0/38       AC:  6    Str: 21    XL:     4   Next: 51%
Magic:  6/6        EV:  7    Int: 10    God:
Gold:   88         SH:  9    Dex: 13    Spells: 3/3 levels left

rFire    . . .     SeeInvis .   a - +0 long sword
rCold    . . .     Faith    .   c - +0 kite shield
rNeg     . . .     Spirit   .   b - +0 scale mail
rPois    .         Reflect  .   (no helmet)
rElec    .         Harm     .   e - scarf {shadows}
rCorr    .         Rampage  .   (no gloves)
Will     .....                  (no boots)
Stlth    ..........             (no amulet)
HPRegen  0.12/turn              (no ring)
MPRegen  0.10/turn              (no ring)

@: lethally poisoned (0 -> -8)
A: high mp 1, forlorn
a: no special abilities


You were on level 2 of the Dungeon.
You visited 1 branch of the dungeon, and saw 2 of its levels.

You collected 88 gold pieces.

Inventory:

Hand Weapons
 a - a +0 long sword (weapon)
Armour
 b - a +0 scale mail (worn)
 c - a +0 kite shield (worn)
 e - a scarf of shadows (worn)
Jewellery
 g - a ring of wizardry
Scrolls
 h - a scroll of noise {unknown}
Potions
 d - 2 potions of might


   Skills:
 * Level 3.4 Fighting
 * Level 3.2 Long Blades
 + Level 3.0 Armour
 * Level 1.1 Dodging
 + Level 2.9 Shields


You had 3 spell levels left.
You didn't know any spells.
Your spell library was empty.

Dungeon Overview and Level Annotations

Branches:
Dungeon (2/15)


Innate Abilities, Weirdness & Mutations

Your attributes grow dramatically as you level up.
You have an increased reservoir of magic. (+10% MP)
You shall have no god before yourself.


Message History

You hit the orc but do no damage.
You feel sick. The hobgoblin hits you. You block the orc's attack.
You block the giant cockroach's attack. The orc hits you but does no damage.
The hobgoblin barely misses you.
You barely miss the orc.
You feel sick. You block the giant cockroach's attack.
The orc hits you with a +0 short sword of venom.
You are more poisoned.
The hobgoblin hits you but does no damage.
The giant cockroach bites you but does no damage.
You hit the orc but do no damage.
You feel very sick.
The giant cockroach bites you but does no damage.
You block the hobgoblin's attack.
The orc hits you with a +0 short sword of venom.
You are more poisoned.
The giant cockroach bites you but does no damage.
The orc hits you with a +0 short sword of venom.
You are lethally poisoned!
You block the hobgoblin's attack.
You are too injured to fight recklessly!
Unknown command.
You are too injured to fight recklessly!
Unknown command.
You are too injured to fight recklessly!
Unknown command.
You are too injured to fight recklessly!
You feel very sick. You block the giant cockroach's attack.
You see here 17 arrows.
* * * LOW HITPOINT WARNING * * *
You feel very sick.
* * * LOW HITPOINT WARNING * * *
You feel very sick.
The giant cockroach bites you but does no damage.
* * * LOW HITPOINT WARNING * * *
You feel very sick.
* * * LOW HITPOINT WARNING * * *
You feel sick.
There is a stone staircase leading up here.
Unknown command.
You die...

#.# #.# #. #.# #.# #.
#.####.# #.
#######.#.##[# #.
#.(.....#....# #.
#########.#######.#####
##
#.....................#
#.###...#.#######.#.###
#.# #.#.#@..........#
#.# #.#.#B####.######
#.# #.#..og# #.# ###.#
#.###..# #.#
#.#.###.###(.# #.#
#...#........# #.#
#.###.#......# #.# #.#
#..........# #.#
...#.######


You could see an orc, a giant cockroach and a hobgoblin.

Vanquished Creatures
  An orc priest (D:1)
  A gnoll (D:1)
  3 adders (D:2)
  A white imp (D:2)
  A dart slug (D:1)
  8 bats
  3 endoplasms
  A giant cockroach (D:1)
  2 goblins (D:1)
  2 hobgoblins
  10 jackals (D:1)
  2 quokkas
  3 ball pythons
  2 frilled lizards
  2 kobolds (D:1)
  7 rats
49 creatures vanquished.

Notes
Turn   | Place    | Note
-------+----------+-------------------------------------------
     0 | D:1      | Morbidden the Demigod Fighter began the quest for the Orb.
     0 | D:1      | Reached XP level 1. HP: 18/18 MP: 3/3
   197 | D:1      | Reached XP level 2. HP: 18/26 MP: 4/4
   906 | D:1      | Reached XP level 3. HP: 26/31 MP: 5/5
  2116 | D:2      | Reached XP level 4. HP: 38/38 MP: 6/6
  2135 | D:2      | Reached skill level 1 in Dodging
  2916 | D:2      | Succumbed to an orc's poison

Illustrated notes

Levels and vault maps discovered:
D:1:      sevenhm_arrival_forest_fort_small_3, layout_loops_corners
D:2:      layout_basic

Skill      XL: |  1  2  3  4 |
---------------+-------------+-----
Fighting       | 3 |  3.4
Long Blades    | 2 3 |  3.2
Armour         | 3 |  3.0
Dodging        | 1 |  1.1
Shields        | |  2.9

Action                   |  1- 3 |  4- 6 || total
-------------------------+-------+-------++-------
Melee: Long sword        |   117 |    31 ||   148
  Use: Potion            |       |     1 ||     1
Armor: Scale mail        |    71 |    17 ||    88
Dodge: Dodged            |    60 |     9 ||    69
Block: Kite shield       |    64 |    29 ||    93
       Rpst.: Long sword |    22 |     1 ||    23

Table legend: (Time is in decaauts)
 A = Elapsed time spent in this place.
 B = Non-inter-level travel time spent in this place.
 C = Inter-level travel time spent in this place.
 D = Time resting spent in this place.
 E = Time spent auto-exploring this place.
 F = Levels seen in this place.
 G = Mean time per level.
                   A        B        C        D        E       F      G
               +--------+--------+--------+--------+--------+-----+--------+
         Total |   2979 |   2891 |     88 |    307 |   2214 |   2 | 1489.5 |
       Dungeon |   2979 |   2891 |     88 |    307 |   2214 |   2 | 1489.5 |
               +--------+--------+--------+--------+--------+-----+--------+

Top non-repeatable levels by time:
     D:1: 1933 daAuts
     D:2: 1045 daAuts
